 Dungeon Crawl Stone Soup version 0.28.0-1-gb440e238dd (webtiles) character file.

Game seed: 4124610935861100869

140 mortz the Conjurer (level 5, -10/35 HPs)
             Began as a Human Conjurer on Feb 23, 2022.
             Killed from afar by Ijyb (16 damage)
             ... with an iceblast
             ... on level 3 of the Dungeon.
             The game lasted 00:14:54 (2538 turns).

mortz the Conjurer (Human Conjurer)                 Turns: 2538, Time: 00:14:54

Health: -10/35     AC:  5    Str:  7    XL:     5   Next: 46%
Magic:  3/9        EV: 11    Int: 21    God:
Gold:   117        SH:  0    Dex: 11    Spells: 6/9 levels left

rFire   . . .      SeeInvis .   s - +0 long sword {long}
rCold   . . .      Faith    .   (no shield)
rNeg    . . .      Spirit   .   h - +0 leather armour
rPois   .          Reflect  .   d - +1 hat
rElec   .          Harm     .   (no cloak)
rCorr   .          Rampage  .   i - +0 pair of gloves
Will    .....                   (no boots)
Stlth   ++........              (no amulet)
HPRegen 0.11/turn               (no ring)
MPRegen 0.11/turn               (no ring)

@: no status effects
A: no striking features
a: no special abilities


You were on level 3 of the Dungeon.
You visited 1 branch of the dungeon, and saw 3 of its levels.

You collected 117 gold pieces.


   Skills:
 + Level 3.0 Dodging
 + Level 3.1 Stealth
 + Level 2.9 Spellcasting
 + Level 4.7 Conjurations


You had 6 spell levels left.
You knew the following spells:

 Your Spells              Type           Power      Damage    Failure   Level
a - Magic Dart            Conj           92%        1d7       2%          1
b - Searing Ray           Conj           46%        2d6       4%          2

Your spell library contained the following spells:

 Spells                   Type           Power      Damage    Failure   Level
 Dazzling Flash           Conj/Hex       26%        N/A       22%         3
 Fulminant Prism          Conj/Hex       6%         3d7       58%         4
 Iskenderun's Mystic Bla  Conj/Tloc      13%        2d5       58%         4

Inventory:

Hand Weapons
 m - a +0 short sword {short}
   (You took it off a kobold on level 3 of the Dungeon)
 n - a +0 halberd {polearm}
   (You took it off a gnoll on level 3 of the Dungeon)
 s - a +0 long sword (weapon) {long}
   (You found it on level 3 of the Dungeon)
Missiles
 j - 4 javelins {throwing}
 o - 26 sling bullets
Armour
 a - a +0 robe
 d - a +1 hat (worn)
   (You found it on level 1 of the Dungeon)
 h - a +0 leather armour (worn)
   (You found it on level 1 of the Dungeon)
 i - a +0 pair of gloves (worn)
   (You found it on level 1 of the Dungeon)
 l - a +2 ring mail of fire resistance
   (You took it off Terence on level 3 of the Dungeon)
 p - a +0 scale mail
   (You found it on level 3 of the Dungeon)
Jewellery
 r - an amulet of guardian spirit
   (You found it on level 3 of the Dungeon)
Scrolls
 c - 2 scrolls of identify {unknown}
 e - a scroll of amnesia {unknown}
 f - 2 scrolls of fear {unknown}
 k - a scroll of immolation {unknown}
Potions
 q - 2 potions of ambrosia {unknown}

Dungeon Overview and Level Annotations

Branches:
Dungeon (3/15)

Altars:

Annotations:
D:3 Ijyb

#......†....#
##.......#.....
##.....g# ..##
######.# # #..# ..
#.## #. ####g### #.
###......## #.
#...#..@..## #.##
##.##.......# # #..#
#...........#
#.#####.#
#####.......#
#........ ##.)...##
####....# ##.....##
##....##..
#.......####..#######
#.......#....## #
#.........####


You could see Ijyb (fast).


Message History

The orc moves out of view. 😎 MP[-1]
You lost 1 mp, and now have 6/9 mp.
You start resting.
Ijyb the Twisted Goblin comes into view.
She is wielding a +0 dagger and carrying a wand of iceblast (10). 😎 MP[+1]
You start resting. 😎 MP[+2]
Your mp is fully restored (9).
An adder comes into view.
The adder hisses angrily.
Aiming: Magic Dart (safe; 3% risk of failure)
Press: ? - help, Q - select action, (/) - cycle Shift-Dir - straight line, f - adder
Aim: an adder (100% to hit)
The magic dart hits the adder. 😎 MP[-1]
You lost 1 mp, and now have 8/9 mp.
Aiming: Magic Dart (safe; 3% risk of failure)
Press: ? - help, Q - select action, (/) - cycle Shift-Dir - straight line, f/p - adder
Aim: an adder (moderately wounded, 100% to hit)
The magic dart hits the adder. 😎 MP[-1]
You lost 1 mp, and now have 7/9 mp.
Aiming: Magic Dart (safe; 3% risk of failure)
Press: ? - help, Q - select action, (/) - cycle Shift-Dir - straight line, f/p - adder
Aim: an adder (severely wounded, 100% to hit)
The magic dart hits the adder. 😎 MP[-1]
You lost 1 mp, and now have 6/9 mp.
Aiming: Magic Dart (safe; 3% risk of failure)
Press: ? - help, Q - select action, (/) - cycle Shift-Dir - straight line, f/p - adder
Aim: an adder (almost dead, 100% to hit)
The magic dart hits the adder but does no damage. 😎 MP[-1]
You lost 1 mp, and now have 5/9 mp.
Aiming: Magic Dart (safe; 3% risk of failure)
Press: ? - help, Q - select action, (/) - cycle Shift-Dir - straight line, f/p - adder
Aim: an adder (almost dead, 100% to hit)
The magic dart hits the adder.
You kill the adder! 😎 MP[-1]
You lost 1 mp, and now have 4/9 mp.
You start resting.
Ijyb is nearby! 😎 MP[+1]
You start resting. 😎 MP[+4]
Your mp is fully restored (9).
Unknown command.
Aiming: Magic Dart (safe; 2% risk of failure)
Press: ? - help, Q - select action, (/) - cycle Shift-Dir - straight line, f - Ijyb
Aim: Ijyb, wielding a +0 dagger, wearing a +0 chain mail and carrying a wand of iceblast (10) (wandering, hasn't noticed you, 100% to hit)
The magic dart hits Ijyb but does no damage.
Ijyb shouts!
Ijyb screams, "You nasty!
Big nasty!" 😎 MP[-1]
You lost 1 mp, and now have 8/9 mp.
Aiming: Magic Dart (safe; 2% risk of failure)
Press: ? - help, Q - select action, (/) - cycle Shift-Dir - straight line, f/p - Ijyb
Aim: Ijyb, wielding a +0 dagger, wearing a +0 chain mail and carrying a wand of iceblast (10) (100% to hit)
The magic dart hits Ijyb but does no damage.
Ijyb zaps a wand.
The mass of ice explodes!
The iceblast engulfs you!
You hear a shout! x2 😮 HP[-12] MP[-1]
You take 12 damage, and now have 23/35 hp.
MASSIVE DAMAGE!! (PAUSE)
You lost 1 mp, and now have 7/9 mp.
Aiming: Magic Dart (safe; 2% risk of failure)
Press: ? - help, Q - select action, (/) - cycle Shift-Dir - straight line, f/p - Ijyb
Aim: Ijyb, wielding a +0 dagger, wearing a +0 chain mail and carrying a wand of iceblast (9) (100% to hit)
The magic dart hits Ijyb but does no damage.
Ijyb drinks a potion.
Ijyb seems to speed up. 😮 MP[-1]
You lost 1 mp, and now have 6/9 mp. 😮 HP[+1]
Casting: Magic Dart (safe; 2% risk of failure)
Confirm with . or Enter, or press ? or * to list all spells.
Aiming: Searing Ray (safe; 4% risk of failure)
Press: ? - help, Shift-Dir - straight line, f/p - Ijyb
Aim: Ijyb, wielding a +0 dagger, wearing a +0 chain mail and carrying a wand of iceblast (9) (fast, 78% to hit)
The searing ray hits Ijyb! (Press . to maintain the ray.) Ijyb zaps a wand.
The mass of ice explodes!
The iceblast engulfs you!!
Ouch! That really hurt!
* * * LOW HITPOINT WARNING * * *
😱 HP[-18] MP[-2]
You take 18 damage, and now have 6/35 hp.
MASSIVE DAMAGE!! (PAUSE)
You lost 2 mp, and now have 4/9 mp.
The searing ray misses Ijyb.
Ijyb grins evilly. 😱 MP[-1]
You lost 1 mp, and now have 3/9 mp.
The searing ray hits Ijyb!
Ijyb zaps a wand.
The mass of ice explodes!
The iceblast engulfs you!
You die...

Skill      XL: |  1  2  3  4 |
---------------+-------------+-----
Stealth        | 3 |  3.1
Dodging        | 3 |  3.0
Spellcasting   | |  2.9
Conjurations   | |  4.7

Action                   |  1- 3 |  4- 6 || total
-------------------------+-------+-------++-------
Melee: Dagger            |    16 |       ||    16
       Punch             |     1 |       ||     1
 Cast: Magic Dart        |    38 |    28 ||    66
       Searing Ray       |     8 |    11 ||    19
Armor: Leather armour    |    11 |     2 ||    13
Dodge: Dodged            |    16 |     5 ||    21

Levels and vault maps discovered:
D:1:      saegor_arrival_simple_a, layout_rooms,
          shapermc_ecumenical_altar_hornbeckon
D:2:      layout_loops_ring, kennysheep_nub, chequers_jeans,
          hangedman_decor_clover_reticule
D:3:      layout_rooms, uniq_grinder, uniq_terence, uniq_ijyb

Notes
Turn   | Place    | Note
-------+----------+-------------------------------------------
     0 | D:1      | mortz the Human Conjurer began the quest for the Orb.
     0 | D:1      | Reached XP level 1. HP: 13/13 MP: 3/3
     0 | D:1      | magus.rc [v1.9.6]
   233 | D:1      | Reached XP level 2. HP: 19/19 MP: 0/5
   236 | D:1      | Learned a level 2 spell: Searing Ray
   488 | D:1      | Found a faded altar of an unknown god.
  1207 | D:2      | Reached XP level 3. HP: 24/24 MP: 1/6
  1674 | D:2      | Reached XP level 4. HP: 30/30 MP: 1/7
  2212 | D:3      | Reached skill level 3 in Stealth
  2257 | D:3      | Noticed Terence
  2266 | D:3      | Killed Terence
  2267 | D:3      | Reached skill level 3 in Dodging
  2267 | D:3      | Reached XP level 5. HP: 29/35 MP: 1/9
  2449 | D:3      | Noticed Ijyb
  2536 | D:3      | HP: 6/35 [Ijyb/iceblast (18)]
  2538 | D:3      | Killed from afar by Ijyb

Vanquished Creatures
  Terence (D:3)
  3 gnolls (D:3)
  4 adders
  2 worms (D:2)
  A dart slug (D:3)
  An orc (D:3)
  5 bats
  2 endoplasms
  3 giant cockroaches
  3 goblins
  4 hobgoblins
  A kobold (D:3)
  2 quokkas
  3 frilled lizards
  7 rats
42 creatures vanquished.

Table legend:
 A = Non-vault XP
 B = Vault XP
 C = Vault XP percentage of total XP
 D = Non-vault monster count
 E = Vault monster count
 F = Vault count percentage of total count
                 A         B        C        D         E       F
            +---------+---------+-------+---------+---------+-------
      Total |     162 |      38 |  19.0 |      41 |       1 |   2.4
            +---------+---------+-------+---------+---------+-------
        D:1 |      18 |       0 |   0.0 |      12 |       0 |   0.0
        D:2 |      54 |       0 |   0.0 |      15 |       0 |   0.0
        D:3 |      90 |      38 |  29.7 |      14 |       1 |   6.7
            +---------+---------+-------+---------+---------+-------

Illustrated notes

Table legend:
 A = Kills in this place as a percentage of kills in entire the game.
 B = Kills by you in this place as a percentage of kills by you in the entire game.
 C = Kills by friends in this place as a percentage of kills by friends in the entire game.
 D = Other kills in this place as a percentage of other kills in the entire game.
 E = Experience gained in this place as a percentage of experience gained in the entire game.
 F = Experience gained in this place divided by the number of levels of this place that you have seen.
                   A       B       C       D       E      F
               +-------+-------+-------+-------+-------+----------------------
         Total | 100.0 | 100.0 |   N/A |   N/A | 100.0 |  66.7
       Dungeon | 100.0 | 100.0 |   N/A |   N/A | 100.0 |  66.7
               +-------+-------+-------+-------+-------+----------------------

Table legend: (Time is in decaauts)
 A = Elapsed time spent in this place.
 B = Non-inter-level travel time spent in this place.
 C = Inter-level travel time spent in this place.
 D = Time resting spent in this place.
 E = Time spent auto-exploring this place.
 F = Levels seen in this place.
 G = Mean time per level.
                   A        B        C        D        E       F      G
               +--------+--------+--------+--------+--------+-----+--------+
         Total |   2545 |   2507 |     38 |   1156 |   1047 |   3 |  848.3 |
       Dungeon |   2545 |   2507 |     38 |   1156 |   1047 |   3 |  848.3 |
               +--------+--------+--------+--------+--------+-----+--------+

Top non-repeatable levels by time:
     D:2: 1231 daAuts
     D:1: 746 daAuts
     D:3: 566 daAuts
